 Dungeon Crawl Stone Soup version 0.27.1-2-g3b301248ec (webtiles) character file.

Game seed: 11609236753894941878

219 Urokeeper the Covered (level 5, -11/34 HPs)
             Began as a Gargoyle Fighter on Oct 5, 2021.
             Killed by divine providence
             ... invoked by an orc priest
              (14 damage)
             ... on level 4 of the Dungeon.
             The game lasted 00:07:22 (3324 turns).

Urokeeper the Covered (Gargoyle Fighter)            Turns: 3324, Time: 00:07:23

Health: -11/34     AC: 16    Str: 21    XL:     5   Next: 96%
Magic:  5/5        EV:  4    Int:  8    God:
Gold:   106        SH:  9    Dex:  9    Spells: 4/4 levels left

rFire    . . .     SeeInvis .   a - +0 flail
rCold    . . .     Faith    .   c - +0 kite shield
rNeg     + . .     Spirit   .   e - +0 plate armour
rPois    ∞         Reflect  .   (no helmet)
rElec    +         Harm     .   (no cloak)
rCorr    .         Rampage  .   (no gloves)
Will     +....                  (no boots)
Stlth    ..........             (no amulet)
HPRegen  0.11/turn              l - ring of willpower
MPRegen  0.09/turn              (no ring)

@: mighty
A: sickness immunity, AC +4, negative energy resistance 1, electricity
resistance, torment resistance 1, petrification resistance
a: no special abilities


You were on level 4 of the Dungeon.
You visited 1 branch of the dungeon, and saw 4 of its levels.

You collected 106 gold pieces.

Inventory:

Hand Weapons
 a - a +0 flail (weapon)
Armour
 b - a +0 scale mail
 c - a +0 kite shield (worn)
 e - a +0 plate armour (worn)
Jewellery
 l - a ring of willpower (left hand)
Scrolls
 f - a scroll of brand weapon {unknown}
 g - a scroll of fog {unknown}
 i - a scroll of silence {unknown}
 j - a scroll of amnesia {unknown}
 k - a scroll of teleportation
 n - a scroll of blinking {unknown}
 r - a scroll of holy word {unknown}
 s - a scroll of enchant weapon {unknown}
Potions
 h - a potion of ambrosia {unknown}
 m - a potion of resistance {unknown}
 o - a potion of curing {unknown}
 p - 2 potions of heal wounds {unknown}
 q - a potion of invisibility {unknown}


   Skills:
 + Level 4.5 Fighting
 + Level 3.4 Maces & Flails
 + Level 4.5 Armour
 + Level 4.5 Shields


You had 4 spell levels left.
You didn't know any spells.
Your spell library contained the following spells:

 Spells                   Type           Power      Damage    Failure   Level
 Blade Hands              Tmut           0%         N/A       100%        5
 Irradiate                Conj/Tmut      0%         3d13      100%        5
 Dragon Form              Tmut           0%         N/A       100%        7


Dungeon Overview and Level Annotations

Branches:
Dungeon (4/15)
 Temple: D:4-7

Altars:
Ru
Wu Jian

Annotations:
D:4 Blork the orc


Innate Abilities, Weirdness & Mutations

You are immune to sickness and miasma.
Your stone body is resilient. (AC +4)
You are immune to poison.
You resist negative energy. (rN+)
You are resistant to electric shocks. (rElec)
You are resistant to unholy torment.
You are immune to petrification.


Message History

The orc priest hits you but does no damage.
You block the orc priest's attack.
You hit the orc priest.
The orc priest is heavily wounded.
You closely miss the orc.
The orc priest calls upon Beogh to heal the orc priest.
You sock the orc!
You kill the orc!
The orc priest miscasts a cantrip.
The orc priest looks braver for a moment.
The orc priest barely misses you.
Things that are here:
a +0 hand axe; an orc corpse You closely miss the orc priest.
The orc priest is heavily wounded.
The orc priest hits you but does no damage.
You closely miss the orc priest.
The orc priest is heavily wounded.
The orc priest hits you but does no damage.
The orc priest looks braver for a moment.
You hit the orc priest.
The orc priest is almost dead.
The orc priest calls upon Beogh to heal the orc priest.
The orc priest barely misses you.
You sock the orc priest!
You kill the orc priest!
The orc priest looks braver for a moment.
You hear some strange, mumbled words.
A puff of flame appears from out of thin air!
You block the puff of flame.
You thump something! You block something's attack.
You barely miss something. Something hits you but does no damage.
Your shield prevents you from hitting something.
You hear some strange, mumbled words.
A puff of flame appears from out of thin air!
The puff of flame hits you.
* * * LOW HITPOINT WARNING * * *
The orc priest mumbles some strange prayers to Beogh against you.
Beogh smites you!
You die...

################
#>......@{oo....
###.##############
#...........
#####.#.########
#.>.#.#.# #
#...#.#.########### .#
#............)....##.##.#
#...#.#.#######.##...$.#
#...#.#.# #......:...#


You could see an orc priest and an orc.

Vanquished Creatures
  2 orc priests
  An orc wizard (D:3)
  5 adders
  A gnoll (D:1)
  A howler monkey skeleton (D:4)
  2 dart slugs
  3 orcs
  5 endoplasms
  4 giant cockroaches
  7 hobgoblins
  2 jackals (D:2)
  5 quokkas
  6 ball pythons
  8 bats
  5 frilled lizards
  2 goblins (D:3)
  4 kobolds
  4 rats
67 creatures vanquished.

Notes
Turn   | Place    | Note
-------+----------+-------------------------------------------
     0 | D:1      | Urokeeper the Gargoyle Fighter began the quest for the Orb.
     0 | D:1      | Reached XP level 1. HP: 14/14 MP: 1/1
   217 | D:1      | Reached XP level 2. HP: 14/19 MP: 2/2
   543 | D:1      | Reached XP level 3. HP: 23/23 MP: 3/3
   938 | D:1      | Found a faded altar of an unknown god.
  1420 | D:2      | Reached XP level 4. HP: 15/29 MP: 4/4
  2254 | D:3      | Reached XP level 5. HP: 25/33 MP: 5/5
  2691 | D:3      | Found a sacrificial altar of Ru.
  3204 | D:4      | Found an ornate altar of the Wu Jian Council.
  3212 | D:4      | Noticed Blork the orc
  3324 | D:4      | Killed from afar by an orc priest

Illustrated notes

Levels and vault maps discovered:
D:1:      lemuel_arrival_rhombus, layout_rooms,
          chequers_ecumenical_altar_simple_redux, st_stairs_5,
          amcnicky_mini_pool_small
D:2:      layout_basic, kennysheep_generic_room_4
D:3:      wad_pebble_path, layout_loops_ring,
          nicolae_ru_great_annihilating_truth
D:4:      layout_basic, nicolae_wu_jian_wuxing_cycle, serial_shops,
          kennysheep_little_box, uniq_blork_the_orc, uniq_eustachio, uniq_robin

Skill      XL: |  1  2  3  4 |
---------------+-------------+-----
Shields        | 4 |  4.5
Fighting       | 4 |  4.5
Armour         | 4 |  4.5
Maces & Flails | 3 |  3.4

Action                   |  1- 3 |  4- 6 || total
-------------------------+-------+-------++-------
Melee: Flail             |   146 |   204 ||   350
  Use: Scroll            |       |     1 ||     1
       Potion            |       |     1 ||     1
 Stab: Paralysed         |       |     1 ||     1
Armor: Scale mail        |    29 |       ||    29
       Plate armour      |    88 |   165 ||   253
Dodge: Dodged            |    27 |    54 ||    81
Block: Kite shield       |   101 |   117 ||   218
